 Dungeon Crawl Stone Soup version 0.22-a0-398-g8bb545f (webtiles) character file.

5313 emperorscorpion the Blocker (level 10, -3/61 HPs)
             Began as a Gargoyle Fighter on May 5, 2018.
             Was a Follower of Cheibriados.
             Killed by divine providence
             ... invoked by an orc priest
              (14 damage)
             ... on level 8 of the Dungeon.
             The game lasted 00:16:13 (6604 turns).

emperorscorpion the Blocker (Gargoyle Fighter)      Turns: 6604, Time: 00:16:14

Health: -3/61      AC: 23    Str: 25    XL:     10   Next: 64%
Magic:  11/11      EV:  7    Int: 13    God:    Cheibriados [*.....]
Gold:   451        SH: 12    Dex: 12    Spells: 9/9 levels left

rFire    . . .     SeeInvis .   a - +2 mace (venom)
rCold    . . .     Gourm    .   c - +0 shield
rNeg     + . .     Faith    +   H - +0 plate armour
rPois    ∞         Spirit   .   t - +1 helmet
rElec    +         Reflect  .   (no cloak)
rCorr    .         Harm     .   y - +0 pair of gloves
MR       .....                  (no boots)
Stlth    ..........             I - amulet of faith
HPRegen  0.20/turn              k - ring of loudness (curse)
MPRegen  0.12/turn              (no ring)

@: very slow
A: negative energy resistance 1, electricity resistance, unbreathing,
petrification resistance, rot immunity, AC +7
a: Bend Time, Renounce Religion


You were on level 8 of the Dungeon.
You worshipped Cheibriados.
Cheibriados was aware of your devotion.
You were not hungry.

You visited 2 branches of the dungeon, and saw 9 of its levels.

You collected 451 gold pieces.

Inventory:

Hand Weapons
 a - a +2 mace of venom (weapon)
 b - a +0 flail
 r - a +0 mace of protection
 K - a +1 mace of protection
 R - a +0 blowgun
Missiles
 e - 28 poisoned needles
 i - 60 bolts
 M - 12 tomahawks (quivered)
 T - 7 curare-tipped needles
Armour
 c - a +0 shield (worn)
 g - a +1 hat
 l - a +0 helmet
 p - a +0 scale mail
 t - a +1 helmet (worn)
 y - a +0 pair of gloves (worn)
 H - a +0 plate armour (worn)
Magical Staves
 N - an uncursed staff of death
Jewellery
 k - a cursed ring of loudness (left hand)
 q - an uncursed ring of positive energy
 z - an uncursed amulet of harm
 D - an uncursed ring of fire
 I - an amulet of faith (around neck)
Wands
 o - a wand of polymorph (12)
 F - a wand of acid (3)
 G - a wand of disintegration (5)
 S - a wand of iceblast (12)
Scrolls
 h - 4 scrolls of noise {unknown}
 j - 3 scrolls of remove curse {unknown}
 m - 11 scrolls of identify {unknown}
 s - a scroll of magic mapping {unknown}
 u - 2 scrolls of fear {unknown}
 A - 2 scrolls of amnesia {unknown}
 B - a scroll of enchant weapon {unknown}
 C - a scroll of immolation {unknown}
 E - 2 scrolls of teleportation {unknown}
 L - a scroll of blinking {unknown}
 Q - a scroll of fog {unknown}
 U - a scroll of acquirement {unknown}
Potions
 w - a potion of ambrosia
 x - 4 potions of lignification {unknown}
 J - 3 potions of cancellation {unknown}
 O - 2 potions of degeneration {unknown}
Comestibles
 f - 20 rations
 P - 6 chunks of flesh


   Skills:
 + Level 6.3 Fighting
 + Level 9.4 Maces & Flails
 + Level 3.1 Throwing
 + Level 6.8 Armour
 + Level 2.4 Dodging
 + Level 1.6 Stealth
 + Level 9.7 Shields
 + Level 0.3 Unarmed Combat
 + Level 1.4 Invocations
 + Level 0.1 Evocations


You had 9 spell levels left.
You didn't know any spells.

Dungeon Overview and Level Annotations

Branches:
Dungeon (8/15)             Temple (1/1) D:7
   Lair: D:8-11

Altars:
Ashenzari
Cheibriados
Fedhas
Hepliaklqana
Kikubaaqudgha
Nemelex Xobeh
Okawaru
Qazlal
Ru
Trog
Xom
Yredelemnul
Zin
The Shining One

Shops:
D:8 ?

Annotations:
D:8 Joseph


Innate Abilities, Weirdness & Mutations

You are resistant to torment.
Your stone body is resilient. (AC +7)
You are immune to poison.
You resist negative energy. (rN+)
You are resistant to electric shocks. (rElec)
You can survive without breathing.
You are immune to petrification.
You are immune to rotting.


Message History

You feel invigorated. The orc barely misses you.
The orc priest calls down the wrath of Beogh upon you.
Pain shoots through your body!
* * * LOW HITPOINT WARNING * * *
You miss the orc priest.
The orc priest is severely wounded.
The orc hits you but does no damage.
The orc priest calls upon Beogh to heal the orc priest.
The orc priest is healed somewhat.
The orc priest barely misses you. The orc closely misses you.
An orc wizard comes into view. It is wielding a dagger.
You barely miss the orc priest.
The orc priest is moderately wounded.
You feel less invigorated.
You feel less confused.
The orc wizard casts a spell.
The orc wizard blinks!
The orc priest invokes the aid of Beogh against you.
Beogh smites you!
You die...

#.#....))÷.............
#......................
###.............###....
...#...............###....
...................#...... .#.
##......#.#.###........##..#
@..##..........#.###....#####..##
......#.>.....o......#.## #..#
.o............##@#####.## #..#
@..... .......##oo# #..# ##..#
.#... ......o).o(# ##.####...#
.#..# ..#.o..))...# #.##.....#
...(##....###.....#####....#.##..
..(.........§........##..###.# ..
.........................##..# ..
<....#.##########........#..## ..
...#.#.# #...####....# #


You could see 2 orc priests, an orc wizard and an orc.

Vanquished Creatures
  The ghost of zkyp the Grappler, a novice TrGl of Makhleb (D:7)
  Pikel (D:7)
  Maurice (D:8)
  A hornet (D:8)
  A steam dragon (D:8)
  An acid dragon (D:7)
  A slave (D:7)
  Duvessa (D:7)
  2 sky beasts
  8 ogres
  4 orc warriors
  An ice beast (D:6)
  2 centaurs (D:7)
  A big kobold (D:8)
  4 bullfrogs
  Dowan (D:7)
  A wyvern skeleton (D:7)
  4 killer bees (D:7)
  6 crimson imps
  A hound (D:3)
  8 orc wizards
  A bullfrog skeleton (D:8)
  3 jellies
  A centaur skeleton (D:7)
  9 orc priests
  An iguana (D:5)
  5 worker ants
  A hound zombie (D:7)
  Robin (D:3)
  2 hound skeletons
  A worker ant zombie (D:6)
  10 adders
  A howler monkey skeleton (D:6)
  3 shadow imps
  2 adder skeletons
  A worm (D:4)
  3 dart slugs
  6 leopard geckos
  30 orcs
  5 ball pythons
  8 giant cockroaches
  9 hobgoblins
  3 jackals (D:3)
  12 kobolds
  5 quokkas
  9 bats
  10 frilled lizards
  2 gnoll zombies (D:4)
  13 goblins
  A jackal skeleton (D:7)
  A quokka zombie (D:5)
  6 rats
216 creatures vanquished.

Vanquished Creatures (others)
  3 slaves (D:7)
  A scorpion (D:7)
  A plant (D:7)
5 creatures vanquished.

Grand Total: 221 creatures vanquished

Notes
Turn   | Place    | Note
-------+----------+-------------------------------------------
     0 | D:1      | emperorscorpion the Gargoyle Fighter began the quest for the Orb.
     0 | D:1      | Reached XP level 1. HP: 14/14 MP: 1/1
   108 | D:1      | Reached XP level 2. HP: 19/19 MP: 2/2
   386 | D:1      | Reached XP level 3. HP: 21/24 MP: 3/3
   845 | D:2      | Reached XP level 4. HP: 18/29 MP: 4/4
  1033 | D:2      | Found a faded altar of an unknown god.
  1416 | D:3      | Reached XP level 5. HP: 26/33 MP: 5/5
  1617 | D:3      | Noticed Robin
  1642 | D:3      | Killed Robin
  1880 | D:3      | Reached XP level 6. HP: 39/39 MP: 6/6
  2213 | D:4      | Found an iron altar of Okawaru.
  2232 | D:4      | Reached skill level 1 in Dodging
  2564 | D:4      | Found a basalt altar of Yredelemnul.
  2670 | D:5      | Entered Level 5 of the Dungeon
  2882 | D:5      | Reached skill level 5 in Shields
  2896 | D:5      | Reached XP level 7. HP: 21/44 MP: 7/7
  3377 | D:5      | Found a sparkling altar of Nemelex Xobeh.
  3614 | D:6      | Reached skill level 5 in Armour
  3829 | D:6      | Reached skill level 5 in Maces & Flails
  4010 | D:6      | Reached XP level 8. HP: 48/48 MP: 8/8
  4042 | D:6      | Reached skill level 5 in Fighting
  4228 | D:6      | Reached skill level 1 in Throwing
  4758 | D:7      | Noticed Duvessa
  4828 | D:7      | Reached XP level 9. HP: 41/54 MP: 9/9
  5045 | D:7      | Noticed Pikel
  5069 | D:7      | Killed Pikel
  5235 | D:7      | Noticed Dowan
  5247 | D:7      | Killed Duvessa
  5249 | D:7      | Killed Dowan
  5474 | D:7      | Found a staircase to the Ecumenical Temple.
  5482 | Temple   | Entered the Ecumenical Temple
  5546 | Temple   | Became a worshipper of Cheibriados the Contemplative
  5604 | D:7      | Reached skill level 1 in Stealth
  5973 | D:7      | Found a shattered altar of Ashenzari.
  5978 | D:7      | Found a stormy altar of Qazlal.
  5978 | D:7      | Found a blossoming altar of Fedhas.
  6098 | D:8      | Noticed a hornet
  6103 | D:8      | Killed a hornet
  6103 | D:8      | Reached XP level 10. HP: 60/60 MP: 10/10
  6163 | D:8      | Found Mosiara's Magic Scroll Shop.
  6208 | D:8      | Noticed Maurice
  6244 | D:8      | Killed Maurice
  6285 | D:8      | Reached * piety under Cheibriados
  6442 | D:8      | Noticed Joseph
  6447 | D:7      | Noticed zkyp's ghost (novice TrGl)
  6482 | D:7      | Killed zkyp's ghost
  6580 | D:8      | Reached skill level 1 in Invocations
  6601 | D:8      | HP: 2/61 [orc priest/divine providence (11)]
  6604 | D:8      | Killed from afar by an orc priest

Vault maps used:
D:1:      dpeg_arrival_rooms_with_view
D:2:      chequers_ecumenical_altar_island, serial_curves, eino_curves_04,
          eino_curves_02
D:3:      guppyfry_early_lair_pool, uniq_robin
D:4:      lemuel_zombie_altar_yredelemnul, okawaru_metal_pillars_1_2
D:5:      marbit_many_paths, first_ration, nrook_mini_vaults
D:7:      cheibrodos_fzero, minitemple, minmay_temple_entry_overgrown,
          uniq_duvessa, uniq_pikel
D:8:      serial_shops, shop, uniq_maurice, uniq_joseph, uniq_psyche
Temple:   bh_familiar_temple

Skill      XL: |  1  2  3  4  5  6  7  8  9 10 |
---------------+-------------------------------+-----
Shields        | 4 5 6 9 |  9.7
Armour         | 4 5 6 |  6.8
Maces & Flails | 3 4 5 7 8 9 |  9.4
Fighting       | 4 5 6 |  6.3
Dodging        | 1 2 |  2.4
Throwing       | 1 2 3 |  3.1
Stealth        | 1 |  1.6
Invocations    | 1 |  1.4
Unarmed Combat | |  0.3
Evocations     | |  0.1

Action                   |  1- 3 |  4- 6 |  7- 9 | 10-12 || total
-------------------------+-------+-------+-------+-------++-------
Melee: Flail             |   125 |   252 |   153 |       ||   530
       Mace              |       |    32 |   223 |   160 ||   415
       Unarmed           |       |       |       |     7 ||     7
Throw: Tomahawk          |       |       |    32 |     7 ||    39
Invok: Bend Time         |       |       |       |     3 ||     3
Evoke: Wand              |       |       |       |     2 ||     2
  Use: Potion            |       |     2 |     1 |     6 ||     9
  Eat: Chunk             |       |     6 |    12 |     2 ||    20
Armor: Scale mail        |    71 |   201 |    34 |       ||   306
       Plate armour      |       |       |   203 |    94 ||   297
Dodge: Dodged            |    40 |   121 |    70 |    50 ||   281
Block: Shield            |    75 |   189 |   206 |   107 ||   577

Table legend:
 A = Spawn XP
 B = Non-spawn XP
 C = Spawn XP percentage of total XP
 D = Spawn monster count
 E = Non-spawn monster count
 F = Spawn count percentage of total count
 G = Total turns spent on level
                    A         B        C        D         E        F      G
               +---------+---------+-------+---------+---------+-------+---------
         Total |       0 |    7590 |   0.0 |       0 |     215 |   0.0 |  6604
               +---------+---------+-------+---------+---------+-------+---------
           D:1 |       0 |      47 |   0.0 |       0 |      24 |   0.0 |   711
           D:2 |       0 |      67 |   0.0 |       0 |      18 |   0.0 |   501
           D:3 |       0 |     220 |   0.0 |       0 |      48 |   0.0 |   984
           D:4 |       0 |     143 |   0.0 |       0 |      12 |   0.0 |   474
           D:5 |       0 |     302 |   0.0 |       0 |      13 |   0.0 |   863
           D:6 |       0 |    1215 |   0.0 |       0 |      26 |   0.0 |  1292
           D:7 |       0 |    3518 |   0.0 |       0 |      43 |   0.0 |  1287
           D:8 |       0 |    2078 |   0.0 |       0 |      31 |   0.0 |   415
               +---------+---------+-------+---------+---------+-------+---------
